[Event "8th Gibraltar U16-Junior 2018"]
[Site "Caleta"]
[Date "2018.08.20"]
[Round "6"]
[White "Chouki, Aali"]
[Black "Carroll, Thomas"]
[Result "0-1"]
[ECO "B23"]
[WhiteElo "1413"]
[BlackElo "1965"]
[Annotator "NA RC"]
[PlyCount "40"]
[EventDate "2018.08.17"]
[EventType "swiss"]
[EventCountry "GGB"]
[SourceTitle "playchess.com"]
[Source "ChessBase"]
[SourceQuality "1"]
[TimeControl "6600+10"]

1. e4 c5 2. Nc3 a6 3. f4 b5 4. Nf3 Bb7 {[%emt 0:00:04] B23: Closed Sicilian: Lines without g3} 5. d3 e6 6. g3 d5 (6... Nf6 7. Bg2 d6 8. O-O Qc7 9. h3 Be7 10. a4 b4 11. Ne2 h5 12. b3 Nbd7 13. Bb2 a5 14. Kh1 e5 15. Nd2 {1-0 (36) Amonatov,F (2636)-Korobov,A (2652) Riadh 2017}) 7. exd5 exd5 8. Bg2 Nf6 9. O-O {[%emt 0:00:38] LiveBook: 7 Games} Be7 10. a3 O-O 11. Ne5 $146 ({Predecessor:} 11. d4 Nc6 12. Kh1 {½-½ (27) Pye,D (2157)-McDougall,A Eastleigh 2010}) 11... Re8 12. Qf3 Ra7 13. Qf2 Bd6 (13... d4 $17 14. Bxb7 Rxb7) 14. b4 (14. d4 $11 {remains equal.}) 14... Qb6 ({Black should play} 14... d4 $17 15. Bxb7 Rxb7) 15. Bb2 d4 16. Ne2 (16. Ne4 $11 Bxe4 17. dxe4) 16... Bxg2 17. Kxg2 (17. bxc5 $17 {was necessary.} Bxc5 18. Qxg2) 17... Bxe5 18. fxe5 {[%emt 0:00:11] [#]} Ng4 $1 ({Weaker is} 18... Rxe5 19. bxc5 Qxc5 20. Rae1 $11) 19. bxc5 $2 (19. Qf4 $17 {is a better chance.} Ne3+ 20. Kg1 Nxf1 21. bxc5 Nxg3 22. Nxg3) 19... Qh6 20. Qxd4 (20. Qg1 $142 Ne3+ 21. Kf2) 20... Qxh2+ $19 0-1

[Event "8th Gibraltar U16-Junior 2018"]
[Site "Caleta"]
[Date "2018.08.20"]
[Round "6"]
[White "Rayner, Hugo"]
[Black "Weersing, Sarah"]
[Result "1/2-1/2"]
[ECO "C11"]
[WhiteElo "1391"]
[BlackElo "1608"]
[Annotator "NA RC"]
[PlyCount "47"]
[EventDate "2018.08.17"]
[EventType "swiss"]
[EventCountry "GGB"]
[SourceTitle "playchess.com"]
[Source "ChessBase"]
[SourceQuality "1"]
[TimeControl "6600+10"]

1. e4 e6 2. d4 d5 3. Nc3 Nf6 4. e5 Nfd7 5. f4 c5 6. Nf3 Qb6 7. a3 Nc6 8. Be3 a6 9. Be2 Be7 10. O-O cxd4 11. Nxd4 Nxd4 12. Bxd4 Bc5 13. Bxc5 Qxc5+ 14. Kh1 O-O 15. Bd3 Qe7 16. Rf3 g6 17. Rg3 Nc5 18. Rc1 Nxd3 19. cxd3 f6 20. d4 fxe5 21. fxe5 Bd7 22. Na4 Bc8 23. Nc3 b5 24. b4 1/2-1/2

[Event "8th Gibraltar U16-Junior 2018"]
[Site "Caleta"]
[Date "2018.08.20"]
[Round "6"]
[White "Vyas, Param"]
[Black "Dhanwani, Aryan"]
[Result "1/2-1/2"]
[ECO "D11"]
[WhiteElo "1372"]
[BlackElo "1169"]
[Annotator "NA RC"]
[PlyCount "61"]
[EventDate "2018.08.17"]
[EventType "swiss"]
[EventCountry "GGB"]
[SourceTitle "playchess.com"]
[Source "ChessBase"]
[SourceQuality "1"]
[TimeControl "6600+10"]

1. d4 c6 2. Nf3 d5 3. g3 Bf5 4. Bg2 Nd7 5. O-O e6 6. b3 Be7 7. Bb2 Ngf6 8. Nbd2 O-O 9. c4 b6 10. Nh4 Rc8 11. Nxf5 exf5 12. Rc1 Ne4 13. e3 Ndf6 14. Qe2 Nxd2 15. Qxd2 Ne4 16. Bxe4 dxe4 17. Rfd1 Bf6 18. Qe2 Qe7 19. d5 Bxb2 20. Qxb2 c5 21. a3 Qd6 22. b4 Rb8 23. Qc3 Rb7 24. b5 Re8 25. a4 Rbb8 26. Ra1 a5 27. bxa6 Ra8 28. a7 Rxa7 29. Rdb1 Rea8 30. Qb3 Ra6 31. Ra2 1/2-1/2

[Event "8th Gibraltar U16-Junior 2018"]
[Site "Caleta"]
[Date "2018.08.20"]
[Round "6"]
[White "Gough, Theo"]
[Black "Atara, Omeet J"]
[Result "0-1"]
[ECO "A84"]
[WhiteElo "1346"]
[BlackElo "1704"]
[Annotator "NA RC"]
[PlyCount "50"]
[EventDate "2018.08.17"]
[EventType "swiss"]
[EventCountry "GGB"]
[SourceTitle "playchess.com"]
[Source "ChessBase"]
[SourceQuality "1"]
[TimeControl "6600+10"]

1. d4 d5 2. c4 c6 3. Nf3 e6 4. e3 f5 5. Nbd2 Nf6 6. b3 Bd6 7. Bb2 Nbd7 8. Bd3 b6 9. O-O O-O 10. Ne5 Bb7 11. Rc1 Rc8 12. Ndf3 Qe7 13. Nh4 Ne4 14. Nhf3 Ndf6 15. Qe2 g5 16. Nd2 Nd7 17. cxd5 exd5 18. Nxd7 Nxd2 19. Qxd2 Qxd7 20. Qe2 Qg7 21. Qh5 Rf6 22. g3 Rcf8 23. Kg2 f4 24. Qd1 f3+ 25. Kg1 Qh6 0-1

[Event "8th Gibraltar U16-Junior 2018"]
[Site "Caleta"]
[Date "2018.08.20"]
[Round "6"]
[White "Shigaeva, Arina"]
[Black "Kirupakaran, Vishnu"]
[Result "0-1"]
[ECO "D02"]
[WhiteElo "1271"]
[BlackElo "1786"]
[Annotator "NA RC"]
[PlyCount "48"]
[EventDate "2018.08.17"]
[EventType "swiss"]
[EventCountry "GGB"]
[SourceTitle "playchess.com"]
[Source "ChessBase"]
[SourceQuality "1"]
[TimeControl "6600+10"]

1. d4 d5 2. Bf4 Nf6 3. Nf3 c5 4. c3 Nc6 5. e3 Qb6 6. Qc2 Bd7 7. h3 Rc8 8. Qb3 c4 9. Qxb6 axb6 10. Nbd2 b5 11. Be2 b4 12. O-O b5 13. Ne5 e6 14. Ndf3 Ne4 15. Rfc1 bxc3 16. bxc3 Ba3 17. Rc2 b4 18. Nd2 Nxc3 19. Bf3 Nxe5 20. Bxe5 Ba4 21. Rcc1 Bxc1 22. Rxc1 Nxa2 23. Ra1 c3 24. Rxa2 c2 0-1